Map: Frozen Temple

Players

Miszu

  • Race: Terran Terran
  • League: Master

FeaR - Winner!

  • Race: Protoss Protoss
  • League: Master

VOD

Have the link to the VOD?

Description

Time

  • Played on: April 30, 2016, 6:03 a.m.
  • Length: 13:26
Show
View Real Time Build Order
Export as new Build Order

Miszu Terran 

Build Orders: Command Center First (CC), MMM Bio 

Get SALT Encoding   

  12  0:00  SCV  
  13  0:12  SCV  
  14  0:17  Supply Depot  
  14  0:24  SCV  
  15  0:39  SCV  
  16  0:51  SCV  
  17  0:59  Command Center  
  17  1:03  SCV  
  18  1:15  SCV  
  18  1:17  Barracks  
  19  1:27  SCV  
  19  1:29  Barracks  
  20  1:39  SCV  
  21  1:43  Barracks  
  21  2:05  Marine, Orbital Command  
  22  2:09  Bunker  
  22  2:13  Orbital Command  
  22  2:17  Marine  
  23  2:23  Marine  
  24  2:31  Marine  
  24  2:32  SCV  
  24  2:35  Marine  
  27  2:41  Marine  
  28  2:50  Marine  
  29  2:52  Marine  
  29  2:58  Supply Depot, Barracks  
  29  3:06  Barracks  
  29  3:08  Marine, Orbital Command  
  29  3:12  Marine x2  
  30  3:15  Refinery  
  30  3:16  Refinery, SCV  
  32  3:26  Marine  
  33  3:28  SCV  
  33  3:30  Marine x2  
  34  3:37  SCV  
  34  3:40  SCV  
  35  3:44  Marine  
  35  3:47  Marine  
  35  3:48  Marine x2  
  38  3:55  Barracks Tech Lab  
  38  4:02  Marine  
  37  4:04  Marine  
  37  4:06  Marine x2  
  38  4:17  Marauder  
  38  4:20  Marine  
  38  4:22  Marine  
  38  4:23  Marine  
  41  4:26  Marine  
  41  4:30  Supply Depot  
  36  4:50  Marauder  
  36  4:52  SCV  
  39  4:53  SCV  
  39  4:54  Marine x3  
  43  5:03  Marine  
  43  5:04  SCV  
  43  5:05  SCV  
  45  5:16  SCV  
  45  5:17  Engineering Bay, SCV  
  45  5:21  Marine  
  48  5:28  SCV  
  48  5:29  SCV  
  48  5:32  Marine x2  
  48  5:33  Marine x2  
  54  5:36  Stimpack  
  54  5:40  SCV  
  54  5:45  Supply Depot  
  53  5:50  Marine  
  53  5:53  SCV  
  55  5:59  Orbital Command  
  55  6:02  Factory  
  55  6:04  Marine x2, Marauder  
  57  6:09  Supply Depot, SCV  
  57  6:11  Marine x2  
  52  6:31  Marine  
  52  6:32  Marauder  
  50  6:33  Marine x2  
  50  6:34  Marine  
  51  6:42  SCV  
  51  6:43  SCV  
  52  6:49  Marine  
  52  6:53  Marauder  
  56  6:54  SCV  
  56  6:55  SCV  
  56  6:59  Missile Turret  
  57  7:02  Bunker  
  57  7:07  Marine  
  57  7:10  SCV  
  57  7:11  SCV  
  57  7:12  Marine  
  57  7:14  Marine, Marauder  
  63  7:24  Factory Reactor  
  63  7:26  Starport  
  63  7:27  Marine  
  63  7:28  Marine  
  65  7:30  Marine  
  65  7:33  Barracks Tech Lab  
  65  7:35  Supply Depot  
  65  7:36  Marauder, SCV  
  69  7:39  SCV  
  69  7:42  Combat Shields  
  70  7:47  Supply Depot  
  70  7:48  Refinery, SCV  
  71  7:52  Missile Turret  
  71  7:55  Supply Depot  
  71  7:58  Marauder  
  73  8:00  SCV  
  73  8:01  SCV  
  75  8:07  Concussive Shells  
  75  8:11  Refinery  
  75  8:12  SCV  
  76  8:13  SCV  
  76  8:15  Medivac  
  76  8:17  Medivac  
  76  8:18  Marine x2  
  83  8:22  Marauder  
  83  8:25  Supply Depot  
  85  8:29  Marauder  
  85  8:30  SCV  
  88  8:35  SCV  
  88  8:37  Marine  
  88  8:38  Marine x2  
  88  8:41  Factory Reactor  
  92  8:42  SCV  
  94  8:52  Medivac  
  94  8:53  Medivac  
  99  8:58  Supply Depot  
  99  9:00  Supply Depot  
  97  9:04  Marauder  
  97  9:05  Barracks Reactor, Barracks Tech Lab  
  97  9:08  Barracks Reactor  
  99  9:10  SCV  
  101  9:20  Orbital Command  
  93  9:24  Marauder, Widow Mine x2  
  93  9:25  Marauder  
  93  9:27  SCV  
  100  9:35  Missile Turret  
  99  9:40  SCV  
  99  9:42  Medivac  
  99  9:45  SCV  
  104  9:54  Widow Mine, Missile Turret  
  106  10:01  Barracks Tech Lab  
  104  10:08  Marauder  
  106  10:18  Marine, Medivac, Marauder  
  106  10:19  Marine x4  
  115  10:22  SCV  
  115  10:23  SCV  
  117  10:29  Marauder  
  119  10:36  Supply Depot x2, Marine x2  
  119  10:37  Refinery  
  119  10:38  Refinery, Marauder  
  119  10:39  Marauder  
  111  10:51  Marine x2, Marauder  
  111  10:54  Marine x2  
  116  10:59  Marauder  
  116  11:00  Marauder  
  116  11:01  Widow Mine x2  
  122  11:09  Marine  
  122  11:12  Marauder  
  124  11:21  Marauder  
  124  11:22  Marauder  
  124  11:24  Medivac  
  129  11:34  Marauder  
  129  11:36  Widow Mine x2  
  135  11:42  Marauder  
  137  11:48  Marauder  
  137  11:52  Supply Depot x2, Medivac, Command Center  
  137  11:53  Marine  
  142  11:59  Marine  
  142  12:08  Engineering Bay  
  142  12:13  Medivac, Widow Mine  
  146  12:16  Supply Depot x2  
  146  12:20  Marine x2, Marauder x2  
  152  12:35  SCV  
  152  12:36  SCV  
  133  12:48  SCV x2  
  112  12:51  Widow Mine  
  112  12:52  Medivac  
  113  13:00  SCV x2  
  107  13:12  SCV x2  
Show
View Real Time Build Order
Export as new Build Order

FeaR Protoss - Winner!

Build Orders: Oracle Opening 

Get SALT Encoding   

  12  0:01  Probe (Chrono Boost)  
  13  0:11  Probe (Chrono Boost)  
  14  0:18  Pylon  
  14  0:22  Probe (Chrono Boost)  
  15  0:36  Probe (Chrono Boost)  
  15  0:37  Gateway  
  16  0:42  Assimilator  
  16  0:47  Probe (Chrono Boost)  
  17  0:57  Probe (Chrono Boost)  
  17  0:58  Assimilator  
  18  1:08  Probe (Chrono Boost)  
  18  1:10  Gateway  
  20  1:18  Probe (Chrono Boost)  
  20  1:25  Cybernetics Core  
  20  1:29  Probe (Chrono Boost)  
  21  1:39  Pylon  
  21  1:41  Probe (Chrono Boost)  
  22  2:01  Stalker x2  
  22  2:05  Mothership Core (Chrono Boost)  
  28  2:09  Warp Gate  
  28  2:24  Probe (Chrono Boost)  
  29  2:31  Stargate  
  29  2:41  Pylon  
  29  2:43  Pylon  
  29  2:48  Pylon  
  29  2:51  Stalker  
  30  3:01  Stalker  
  30  3:05  Pylon  
  32  3:24  Oracle (Chrono Boost)  
  35  3:33  Nexus  
  36  3:48  Probe  
  36  3:55  Oracle (Chrono Boost)  
  39  4:07  Pylon, Probe  
  37  4:19  Probe  
  38  4:26  Stalker x2  
  38  4:31  Probe  
  41  4:43  Probe (Chrono Boost)  
  41  4:44  Probe (Chrono Boost)  
  39  4:52  Twilight Council  
  39  4:55  Probe (Chrono Boost)  
  39  4:56  Probe (Chrono Boost)  
  39  4:59  Stalker  
  43  5:02  Stalker  
  43  5:05  Probe (Chrono Boost)  
  43  5:06  Probe (Chrono Boost)  
  47  5:16  Probe (Chrono Boost)  
  47  5:17  Probe (Chrono Boost)  
  47  5:19  Pylon  
  49  5:26  Probe (Chrono Boost)  
  49  5:27  Gateway  
  49  5:28  Probe (Chrono Boost)  
  50  5:29  Blink (Chrono Boost)  
  51  5:38  Probe  
  53  5:42  Stalker  
  53  5:44  Stalker, Probe  
  57  5:50  Probe  
  57  5:55  Probe  
  59  6:02  Probe  
  60  6:05  Probe  
  60  6:06  Stalker  
  60  6:07  Stalker  
  65  6:14  Probe  
  65  6:16  Probe  
  59  6:26  Probe x2  
  59  6:33  Stalker x3  
  59  6:37  Probe  
  59  6:38  Probe  
  67  6:40  Assimilator  
  67  6:43  Assimilator  
  67  6:45  Robotics Facility  
  64  6:47  Probe  
  64  6:50  Probe  
  66  6:58  Nexus, Probe  
  66  6:59  Pylon  
  67  7:01  Stalker  
  67  7:02  Probe  
  67  7:07  Pylon  
  68  7:09  Pylon, Probe  
  69  7:20  Stalker x2  
  69  7:21  Robotics Facility  
  73  7:25  Probe  
  73  7:28  Gateway, Probe  
  73  7:29  Gateway  
  75  7:37  Probe  
  75  7:39  Probe  
  77  7:47  Stalker x2  
  77  7:48  Dark Shrine  
  77  7:49  Stalker, Probe  
  77  7:50  Probe  
  85  8:01  Probe  
  85  8:02  Pylon  
  85  8:05  Pylon  
  86  8:07  Pylon  
  86  8:08  Probe  
  87  8:13  Stalker x2  
  87  8:14  Stalker  
  93  8:21  Observer (Chrono Boost)  
  94  8:28  Gateway  
  94  8:29  Sentry x2, Gateway  
  98  8:39  Pylon  
  98  8:41  Immortal (Chrono Boost)  
  100  8:48  Adept  
  100  8:49  Adept x2  
  100  8:50  Resonating Glaives (Chrono Boost)  
  106  9:06  Dark Templar x2  
  110  9:16  Adept x3  
  116  9:23  Immortal (Chrono Boost)  
  120  9:38  Adept x6  
  124  9:44  Dark Templar  
  132  9:50  Probe x3  
  133  9:53  Assimilator  
  133  9:56  Assimilator  
  133  9:58  Pylon  
  133  9:59  Pylon  
  133  10:04  Probe  
  133  10:05  Nexus  
  133  10:06  Probe  
  133  10:10  Pylon  
  133  10:11  Immortal (Chrono Boost)  
  133  10:19  Pylon  
  133  10:20  Templar Archives  
  137  10:23  Adept x4, Forge, Pylon  
  137  10:24  Forge  
  137  10:27  Adept x2  
  149  10:39  Dark Templar  
  151  10:50  Stalker x2  
  155  10:59  Adept, Protoss Ground Weapons Level 1 (Chrono Boost)  
  155  11:03  Protoss Ground Armor Level 1 (Chrono Boost)  
  156  11:06  Psionic Storm, Immortal  
  160  11:19  Probe  
  160  11:20  Probe x3  
  164  11:27  Adept x5  
  164  11:28  Adept x2  
  164  11:31  Probe  
  164  11:32  Probe  
  180  11:38  Pylon  
  180  11:40  Pylon  
  180  11:42  Pylon, Probe  
  180  11:55  Probe  
  180  12:00  High Templar x2  
  180  12:01  High Templar x2, Pylon  
  189  12:02  Warp Prism  
  189  12:05  Adept x2  
  189  12:06  Adept  
  189  12:07  Assimilator  
  197  12:08  Assimilator  
  193  12:26  Adept x2  
  193  12:27  Adept  
  197  12:46  Immortal  
  189  12:52  High Templar x2, Adept  
  189  12:53  Adept x3  
  187  13:04  Adept  
  185  13:17  Stargate  
Tags
 
Add a new tag
Caveats
  • Supply blocks, unpowered buildings, or Contaminate may cause inaccurate times.
  • Supply counts are checked every 10 seconds.